 Dungeon Crawl Stone Soup version 0.26-a0-971-g1d9d62bb61 (webtiles) character file.

Game seed: 206191970802573535

133 dickylongcocking the Twirler (level 4, -3/33 HPs)
             Began as a Demonspawn Gladiator on Dec 4, 2020.
             Killed by divine providence
             ... invoked by an orc priest
              (10 damage)
             ... on level 3 of the Dungeon.
             The game lasted 00:02:02 (3181 turns).

dickylongcocking the Twirler (Demonspawn Gladiator) Turns: 3181, Time: 00:02:02

Health: -3/33      AC:  7    Str: 15    XL:     4   Next: 94%
Magic:  4/4        EV: 12    Int:  9    God:
Gold:   128        SH:  0    Dex: 15    Spells: 3/3 levels left

rFire    . . .     SeeInvis .   a - +0 quarterstaff
rCold    . . .     Faith    .   (shield currently unavailable)
rNeg     . . .     Spirit   .   f - +0 ring mail
rPois    .         Reflect  .   (helmet restricted)
rElec    .         Harm     .   (no cloak)
rCorr    .         Rampage  .   i - +0 pair of gloves
MR       .....                  c - +0 pair of boots
Stlth    +.........             m - amulet of regeneration
HPRegen  0.51/turn              (no ring)
MPRegen  0.09/turn              (no ring)

@: mighty, brilliant
A: horns 2
a: no special abilities


You were on level 3 of the Dungeon.
You visited 1 branch of the dungeon, and saw 3 of its levels.

You collected 128 gold pieces.

Inventory:

Hand Weapons
 a - a +0 quarterstaff (weapon)
Missiles
 d - 3 throwing nets (quivered)
Armour
 b - a +0 leather armour
 c - a +0 pair of boots (worn)
 f - a +0 ring mail (worn)
 i - a +0 pair of gloves (worn)
Jewellery
 m - an amulet of regeneration (around neck)
Scrolls
 e - 4 scrolls of identify {unknown}
 h - a scroll of fog {unknown}
 j - 2 scrolls of enchant armour {unknown}
 l - a scroll of immolation {unknown}
 o - a scroll of remove curse {unknown}
Potions
 k - a potion of brilliance
 n - a potion of cancellation


   Skills:
 - Level 2.0 Fighting
 * Level 4.5 Staves
 - Level 1.7 Throwing
 + Level 2.1 Armour
 - Level 2.6 Dodging


You had 3 spell levels left.
You didn't know any spells.
Your spell library contained the following spells:

 Spells                   Type           Power        Failure   Level
 Beastly Appendage        Tmut           #.....       61%         1
 Wereblood                Tmut           #.......     75%         2
 Spider Form              Tmut/Pois      #.........   93%         3
 Ice Form                 Ice/Tmut       #.......     100%        4
 Blade Hands              Tmut           #.........   100%        5


Dungeon Overview and Level Annotations

Branches:
Dungeon (3/15)

Altars:
Ashenzari
Xom

Annotations:
D:3 Grinder


Innate Abilities, Weirdness & Mutations

You have a pair of horns on your head.


Message History

Okay, then.
Okay, then.
The orc throws a stone.
The stone closely misses you. The orc hits you.
* * * LOW HITPOINT WARNING * * *
Unknown command.
Unknown command.
The orc priest miscasts a cantrip.
Unknown command.
Unknown command.
The orc throws a boomerang.
The boomerang hits you but does no damage.
The weapon returns to the orc!
Unknown command.
The orc throws a boomerang.
The boomerang hits you but does no damage.
The weapon returns to the orc!
Unknown command.
The orc priest mumbles some strange prayers to Beogh against you.
Beogh smites you!
You die...

#..........###.†.........
####..........# #...........
#.............###.....##.... .
#...........)..#########.... ..
#............))## #.... ...
#...##.#######..########.### ....
#...##.# ##.#......#....
.....#..(##.########........#####
.......)5.ooo...@................
######)###########........######
............... #..............
#...#....####.. #.........#####
#. #....# ####+##.#.# # #....#
#.##.#.# # ##...o #..#.#+#####
#...# #.#........ #...#
#......).(.


You could see an orc priest and 2 orcs.

Vanquished Creatures
  Robin (D:3)
  4 adders
  A worm (D:3)
  A dart slug (D:1)
  3 leopard geckos
  9 orcs (D:3)
  A ball python (D:3)
  5 bats
  5 giant cockroaches
  6 hobgoblins
  8 kobolds
  4 frilled lizards
  16 goblins
  A rat (D:3)
65 creatures vanquished.

Vanquished Creatures (others)
  11 plants (D:3)
11 creatures vanquished.

Grand Total: 76 creatures vanquished

Notes
Turn   | Place    | Note
-------+----------+-------------------------------------------
     0 | D:1      | dickylongcocking the Demonspawn Gladiator began the quest
                  | for the Orb.
     0 | D:1      | Reached XP level 1. HP: 16/16 MP: 1/1
   341 | D:1      | Reached skill level 3 in Staves
   363 | D:1      | Gained mutation: You have a pair of small horns on your
                  | head. [demonic ancestry]
   363 | D:1      | Reached XP level 2. HP: 15/22 MP: 2/2
  1346 | D:2      | Reached skill level 1 in Armour
  1440 | D:2      | Found a broken altar of Ashenzari.
  1549 | D:2      | Gained mutation: You have a pair of horns on your head.
                  | [demonic ancestry]
  1549 | D:2      | Reached XP level 3. HP: 25/27 MP: 3/3
  2478 | D:3      | Noticed Robin
  2649 | D:3      | Reached skill level 4 in Staves
  2657 | D:3      | Killed Robin
  2658 | D:3      | Reached XP level 4. HP: 32/33 MP: 4/4
  2803 | D:3      | Found a shimmering altar of Xom.
  3157 | D:3      | Noticed Grinder
  3157 | D:3      | Paralysed by Grinder for 3 turns
  3181 | D:3      | Killed from afar by an orc priest

Illustrated notes

Levels and vault maps discovered:
D:1:      minmay_arrival_hallway, layout_loops_cross
D:2:      layout_basic, nicolae_ashenzari_panopticon, lemuel_another_geyser
D:3:      minmay_recursive_quarters, layout_basic, xom_teletrap_fun,
          serial_bayou_ford_a, uniq_grinder, uniq_robin

Skill      XL: |  1  2  3  4 |
---------------+-------------+-----
Staves         | 3 4 |  4.5
Armour         | 1 2 |  2.1
Fighting       | |  2.0
Throwing       | |  1.7
Dodging        | |  2.6

Action                   |  1- 3 |  4- 6 || total
-------------------------+-------+-------++-------
Melee: Quarterstaff      |    99 |    72 ||   171
       Headbutt          |     8 |     9 ||    17
Throw: Throwing net      |     1 |       ||     1
  Use: Potion            |       |     5 ||     5
 Stab: Held in net/web   |     1 |       ||     1
Armor: Leather armour    |     1 |       ||     1
       Ring mail         |    34 |    34 ||    68
Dodge: Dodged            |    49 |    74 ||   123

Table legend: (Time is in decaauts)
 A = Elapsed time spent in this place.
 B = Non-inter-level travel time spent in this place.
 C = Inter-level travel time spent in this place.
 D = Time resting spent in this place.
 E = Time spent auto-exploring this place.
 F = Levels seen in this place.
 G = Mean time per level.
                   A        B        C        D        E       F      G
               +--------+--------+--------+--------+--------+-----+--------+
         Total |   3200 |   3041 |    159 |    309 |   2287 |   3 | 1066.7 |
       Dungeon |   3200 |   3041 |    159 |    309 |   2287 |   3 | 1066.7 |
               +--------+--------+--------+--------+--------+-----+--------+

Top non-repeatable levels by time:
     D:2: 1360 daAuts
     D:1: 1024 daAuts
     D:3: 815 daAuts
